 Dungeon Crawl Stone Soup version 0.17.0-18-gaab0e96 (webtiles) character file.

5664 dysrexia the Carver (level 10, -3/63 HPs)
             Began as an Octopode Fighter on Nov 11, 2015.
             Was a Follower of Dithmenos.
             Slain by B1inky's ghost (30 damage)
             ... on level 1 of the Lair of Beasts.
             The game lasted 00:44:32 (12246 turns).

dysrexia the Carver (Octopode Fighter)             Turns: 12246, Time: 00:44:32

Health: -3/63      AC:  1    Str: 16    XL:     10   Next: 75%
Magic:  10/10      EV: 14    Int: 11    God:    Dithmenos [*.....]
Gold:   471        SH:  9    Dex: 14    Spells: 0 memorised, 9 levels left

rFire  . . .     SeeInvis +     a - +0 long sword
rCold  . . .     Clarity  .     b - +0 shield
rNeg   . . .     SustAt   .     (helmet restricted)
rPois  .         Gourm    .     (no amulet)
rElec  .         Spirit   .     e - ring of see invisible
rCorr  .         Warding  .     P - +2 ring of slaying
rMut   .         Stasis   .     (no ring)
MR     .....                    (no ring)
Stlth  ++++++++..               (no ring)
                                (no ring)
                                (no ring)
                                (no ring)

@: wreathed by umbra, not resistant to hostile enchantments, extraordinarily
stealthy
A: almost no armour, amphibious, 8 rings, constrict 8, camouflage 1, gelatinous
body 1
a: Renounce Religion


You were on level 1 of the Lair of Beasts.
You worshipped Dithmenos.
Dithmenos was aware of your devotion.
You were hungry.

You visited 3 branches of the dungeon, and saw 11 of its levels.

You collected 471 gold pieces.

Inventory:

Hand Weapons
 a - a +0 long sword (weapon)
 q - a +0 blowgun
 C - the +8 dagger "Yjuzoqoa" {antimagic, Str+4}
   (You found it on level 5 of the Dungeon)

   It disrupts the flow of magical energy around spellcasters and certain
   magical creatures (including the wielder).
   It affects your strength (+4).
Missiles
 k - 349 stones (quivered)
 r - 31 poisoned needles
Armour
 b - a +0 shield (worn)
 t - a +0 large shield
 J - a +2 large shield
Jewellery
 e - a ring of see invisible (left tentacle)
 O - an uncursed amulet of stasis
 P - a +2 ring of slaying (right tentacle)
Wands
 g - a wand of slowing (12)
 j - a wand of slowing (21)
 s - a wand of random effects (21)
 w - a wand of lightning (8)
 B - a wand of paralysis (9)
Scrolls
 h - a scroll of enchant weapon {unknown}
 l - a scroll of fear
 m - 4 scrolls of magic mapping
 n - 13 scrolls of identify
 o - 2 scrolls of blinking
 v - a scroll of fog {unknown}
 D - a scroll of amnesia {unknown}
 L - a scroll of remove curse
 M - a scroll of enchant armour {unknown}
Potions
 c - 2 potions of might
 i - a potion of brilliance
 u - a potion of resistance {unknown}
 x - a potion of cancellation {unknown}
 z - 2 potions of ambrosia {unknown}
 A - 4 potions of flight {unknown}
 E - 2 potions of agility {unknown}
 H - 2 potions of berserk rage {unknown}
 Q - a potion of beneficial mutation {unknown}
Books
 p - a book of Air

   Spells                             Type                      Level
   a - Shock                          Conjuration/Air              1
   b - Swiftness                      Charms/Air                   2
   c - Repel Missiles                 Charms/Air                   2
   d - Static Discharge               Conjuration/Air              3
   e - Lightning Bolt                 Conjuration/Air              5
 y - a book of Enchantments

   Spells                             Type                      Level
   a - Cause Fear                     Hexes                        4
   b - Silence                        Hexes/Air                    5
   c - Deflect Missiles               Charms/Air                   6
   d - Haste                          Charms                       6
   e - Discord                        Hexes                        8
 F - an Akashic Record

   Spells                             Type                      Level
   a - Dispersal                      Translocation                6
   b - Malign Gateway                 Summoning/Translocation      7
   c - Disjunction                    Translocation                8
   d - Controlled Blink               Translocation                8
 I - a book of Spatial Translocations

   Spells                             Type                      Level
   a - Apportation                    Translocation                1
   b - Blink                          Translocation                2
   c - Shroud of Golubria             Charms/Translocation         2
   d - Portal Projectile              Translocation                3
   e - Teleport Other                 Translocation                3
   f - Passage of Golubria            Translocation                4
 K - a book of Power

   Spells                             Type                      Level
   a - Fulminant Prism                Conjuration/Hexes            4
   b - Iskenderun's Mystic Blast      Conjuration                  4
   c - Venom Bolt                     Conjuration/Poison           5
   d - Bolt of Magma                  Conjuration/Fire/Earth       5
   e - Iron Shot                      Conjuration/Earth            6
   f - Orb of Destruction             Conjuration                  7
   g - Spellforged Servitor           Conjuration/Summoning        7
 N - a book of Debilitation

   Spells                             Type                      Level
   a - Corona                         Hexes                        1
   b - Slow                           Hexes                        2
   c - Gell's Gravitas                Hexes/Translocation          3
   d - Inner Flame                    Hexes/Fire                   3
   e - Cause Fear                     Hexes                        4
   f - Leda's Liquefaction            Hexes/Earth                  4
Comestibles
 d - 5 bread rations
 f - 4 meat rations
 G - 8 royal jellies
 R - a slice of pizza


   Skills:
 * Level 3.6 Fighting
 - Level 11.3 Long Blades
 + Level 7.1 Dodging
 + Level 10.7 Stealth
 - Level 5.1 Shields


You had 9 spell levels left.
You didn't know any spells.

Dungeon Overview and Level Annotations

Branches:
Dungeon (9/15)             Temple (1/1) D:7            Lair (1/8) D:9
    Orc (0/4) D:9

Altars:
Ashenzari
Cheibriados
Dithmenos
Elyvilon
Fedhas
Gozag
Kikubaaqudgha
Makhleb
Nemelex Xobeh
Okawaru
Qazlal
Ru
Sif Muna
Trog
Vehumet
Xom
Yredelemnul
Zin
The Shining One
Beogh

Shops:
D:9 [(

Annotations:
D:7 Pikel
Lair:1 B1inky's ghost, journeyman DsBe


Innate Abilities, Weirdness & Mutations

You cannot wear most types of armour.
You are amphibious.
You can wear up to eight rings at the same time.
You can use your tentacles to constrict eight enemies at once.
Your skin changes colour to match your surroundings (Stealth).
Your rubbery body absorbs attacks (AC +1).


Message History

You miss B1inky's ghost.
B1inky's ghost is lightly damaged.
B1inky's ghost hits you!!
* * * LOW HITPOINT WARNING * * *
B1inky's ghost screams, "There is no future for me!"
A river rat comes into view.
The river rat moves out of view. 2 river rats come into view.
The river rat moves out of view. x2
A river rat comes into view.
Found an iron ring.
A river rat comes into view.
You hit the river rat. You grab the river rat.
The river rat is moderately wounded.
You constrict the river rat. You block the river rat's attack.
You release your grip on the river rat.
Found 28 arrows.
The river rat closely misses you. The river rat barely misses you.
B1inky's ghost hits you!!
You die...

### ###### ###
######.####.##P#####=#######
............................
.....#####..##...###.##...#
......#####'#P...#........#
.....##.....'....+........#.
......#.....##...#..........
.....#....(.##..<.........#.
............##..@#........#
.....#.......#.rW#........#
.....##.....##..r#........#
. #.##P###r.rr#..###### #.
####.............. ..
................. ..
..................
..................
.........(........


You could see B1inky's ghost and 5 river rats.

Vanquished Creatures
  Joseph (D:8)
  A spiny frog (Lair:1)
  A queen bee (D:9)
  A wyvern (D:8)
  A hippogriff (D:7)
  Grum (D:9)
  A basilisk (Lair:1)
  2 wolves (D:9)
  A hungry ghost (D:9)
  A water moccasin (D:9)
  A black bear (D:8)
  An orc warrior (D:7)
  2 ice beasts
  4 slaves (D:8)
  3 ogres
  3 centaurs
  2 crocodiles
  4 giant frogs
  5 scorpions
  4 crimson imps
  26 killer bees
  3 hounds
  2 jellies
  A quasit (D:7)
  A giant frog zombie (D:5)
  3 orc priests
  2 orc wizards (D:9)
  A centaur skeleton (D:4)
  A giant frog skeleton (D:6)
  A gnoll shaman (D:8)
  3 iguanas
  8 worker ants
  A hound zombie (D:5)
  2 worker ant zombies (D:5)
  9 gnolls
  11 adders
  An ooze (D:3)
  3 adder skeletons
  3 giant geckos
  17 orcs
  3 ball pythons
  10 bats
  A giant cockroach (D:7)
  3 hobgoblins
  5 jackals
  8 kobolds
  A giant gecko skeleton (D:4)
  A giant gecko zombie (D:5)
  11 giant newts
  9 goblins
  2 quokkas
  A quokka skeleton (D:4)
  11 rats
205 creatures vanquished.

Vanquished Creatures (others)
  A hobgoblin (D:2)
1 creature vanquished.

Grand Total: 206 creatures vanquished

Notes
Turn   | Place    | Note
--------------------------------------------------------------
     0 | D:1      | dysrexia the Octopode Fighter began the quest for the Orb.
     0 | D:1      | Reached XP level 1. HP: 16/16 MP: 1/1
   306 | D:1      | Reached XP level 2. HP: 21/21 MP: 2/2
   546 | D:1      | Reached skill level 1 in Stealth
  1053 | D:2      | Found a blossoming altar of Fedhas.
  1084 | D:2      | Reached XP level 3. HP: 23/26 MP: 3/3
  1458 | D:2      | Found a sparkling altar of Nemelex Xobeh.
  1582 | D:3      | Reached XP level 4. HP: 28/31 MP: 4/4
  1672 | D:3      | Noticed an ogre
  1711 | D:3      | Killed an ogre
  1711 | D:3      | Reached skill level 4 in Long Blades
  1711 | D:3      | Reached XP level 5. HP: 16/36 MP: 5/5
  2590 | D:3      | Found a radiant altar of Vehumet.
  2685 | D:4      | Found a basalt altar of Yredelemnul.
  2701 | D:4      | Reached XP level 6. HP: 37/42 MP: 6/6
  2925 | D:4      | Reached skill level 5 in Long Blades
  3030 | D:4      | Noticed an ogre
  3143 | D:4      | Killed an ogre
  3204 | D:4      | Reached XP level 7. HP: 46/46 MP: 7/7
  3338 | D:4      | Reached skill level 5 in Stealth
  3377 | D:5      | Entered Level 5 of the Dungeon
  3474 | D:5      | Reached skill level 6 in Long Blades
  3787 | D:5      | HP: 2/46 [ice beast (7)]
  3794 | D:5      | Reached skill level 5 in Shields
  3794 | D:5      | Reached XP level 8. HP: 33/52 MP: 8/8
  4296 | D:5      | Reached skill level 7 in Long Blades
  4349 | D:5      | Got a jewelled dagger
  4350 | D:5      | Identified the +8 dagger "Yjuzoqoa" {antimagic, Str+4} (You found it on level 5 of the Dungeon)
  5237 | D:6      | Reached skill level 8 in Long Blades
  5839 | D:7      | Reached XP level 9. HP: 56/56 MP: 9/9
  6379 | D:7      | Reached skill level 9 in Long Blades
  6458 | D:7      | Found a staircase to the Ecumenical Temple.
  6565 | Temple   | Entered the Ecumenical Temple
  6616 | Temple   | Became a worshipper of Dithmenos the Shadowed
  6793 | D:8      | Reached skill level 5 in Dodging
  7155 | D:8      | Noticed Joseph
  7167 | D:8      | Killed Joseph
  7871 | D:8      | Noticed Pikel
  8635 | D:8      | Reached skill level 10 in Long Blades
  8890 | D:9      | Found a shimmering altar of Xom.
  8898 | D:9      | Found an ancient bone altar of Kikubaaqudgha.
  8902 | D:9      | Found a white marble altar of Elyvilon.
  9072 | D:9      | Found Jaetih's Antique Weapon Shoppe.
  9119 | D:9      | Reached XP level 10. HP: 32/63 MP: 10/10
  9610 | D:8      | Reached * piety under Dithmenos
  9682 | D:9      | HP: 2/63 [killer bee (5)]
 10042 | D:9      | Found Resmon's Armour Boutique.
 10069 | D:9      | Found a staircase to the Lair.
 10161 | D:9      | Noticed Grum
 10168 | D:9      | Reached skill level 10 in Stealth
 10330 | D:9      | Found a staircase to the Orcish Mines.
 10455 | D:9      | Reached skill level 11 in Long Blades
 10916 | D:9      | Found a roughly hewn altar of Beogh.
 11490 | D:9      | Killed Grum
 11971 | Lair:1   | Entered Level 1 of the Lair of Beasts
 12087 | Lair:1   | Noticed B1inky's ghost (journeyman DsBe)
 12246 | Lair:1   | Slain by B1inky's ghost

Action                   |  1- 3 |  4- 6 |  7- 9 | 10-12 || total
-------------------------+-------+-------+-------+-------++-------
Melee: Long sword        |    66 |    63 |   209 |   146 ||   484
       Dagger            |       |       |     4 |     5 ||     9
 Fire: Blowgun           |       |    21 |    50 |    21 ||    92
Throw: Stone             |     5 |    11 |     5 |     5 ||    26
  Use: Scroll            |     4 |     5 |     4 |     4 ||    17
       Potion            |       |       |     3 |     4 ||     7
 Stab: Sleeping          |     4 |    12 |    33 |     9 ||    58
       Distracted        |       |       |     3 |     1 ||     4
  Eat: Chunk             |     2 |     5 |    17 |     2 ||    26
       Pizza             |       |       |     1 |       ||     1
       Beef jerky        |       |       |       |     3 ||     3
       Royal jelly       |       |       |       |     2 ||     2
